 Dungeon Crawl Stone Soup version 0.21.1-1-g345015f (webtiles) character file.

8121 fdsafdsa the Cruncher (level 11, -4/70 HPs)
             Began as a Gargoyle Berserker on July 1, 2018.
             Was a High Priest of Trog.
             Engulfed by Psyche the fire crab's flame (18 damage)
             ... on level 9 of the Dungeon.
             The game lasted 00:44:38 (9054 turns).

fdsafdsa the Cruncher (Gargoyle Berserker)          Turns: 9054, Time: 00:44:39

Health: -4/70      AC: 31    Str: 20    XL:     11   Next: 25%
Magic:  11/11      EV: 11    Int:  9    God:    Trog [*****.]
Gold:   452        SH:  0    Dex: 12    Spells: 10/10 levels left

rFire    . . .     SeeInvis .   x - +6 quarterstaff (chaos)
rCold    . . .     Gourm    .   (shield currently unavailable)
rNeg     + . .     Faith    .   H - +0 plate armour
rPois    ∞         Spirit   .   I - +1 helmet
rElec    +         Reflect  .   y - +0 cloak
rCorr    .         Harm     .   (no gloves)
MR       .....                  (no boots)
Stlth    ..........             h - amulet of regeneration
HPRegen  0.61/turn              F - +4 ring of evasion
MPRegen  0.12/turn              G - +6 ring of protection

@: no status effects
A: iridescent scales 1, negative energy resistance 1, robust 1, electricity
resistance, unbreathing, petrification resistance, rot immunity, AC +8
a: Berserk, Trog's Hand, Brothers in Arms, Burn Spellbooks, Renounce Religion


You were on level 9 of the Dungeon.
You worshipped Trog.
Trog was extremely pleased with you.
You were not hungry.

You visited 1 branch of the dungeon, and saw 9 of its levels.
You also visited: Ossuary.

You collected 572 gold pieces.
You spent 120 gold pieces at shops.

Inventory:

Hand Weapons
 k - a cursed -2 shortbow
 p - a +4 antimagic glaive
 x - a +6 quarterstaff of chaos (weapon)
 D - a +1 mace of crushing
 E - a +3 morningstar
 N - a +2 short sword of venom
 S - the +6 short sword of Regicide {speed, Str+2 Stlth+}
   (You found it on level 6 of the Dungeon)

   Attacks with this weapon are significantly faster.
   It affects your strength (+2).
   It makes you more stealthy.
Missiles
 l - 2 poisoned javelins (quivered)
 s - 233 stones
 V - 12 tomahawks
 Z - 5 silver tomahawks
Armour
 a - a +0 buckler
 y - a +0 cloak (worn)
 H - a +0 plate armour (worn)
 I - a +1 helmet (worn)
Magical Staves
 f - an uncursed staff of cold
Jewellery
 h - an amulet of regeneration (around neck)
 t - an uncursed ring of fire
 B - an uncursed ring of ice
 F - a +4 ring of evasion (left hand)
 G - a +6 ring of protection (right hand)
Wands
 i - a wand of paralysis (9)
 v - a wand of scattershot (6)
Scrolls
 d - 5 scrolls of remove curse
 e - 2 scrolls of amnesia
 g - 12 scrolls of teleportation
 j - 5 scrolls of fear
 u - 7 scrolls of identify
Potions
 m - a potion of ambrosia {unknown}
 n - a potion of flight {unknown}
 o - 4 potions of curing
 A - 2 potions of mutation
 O - 2 potions of invisibility
 P - a potion of cancellation {unknown}
 Q - 2 potions of lignification {unknown}
 R - 2 potions of agility
Books
 L - a Young Poisoner's Handbook

   Spells                             Type                      Level
   a - Sting                          Conjuration/Poison           1
   b - Poisonous Vapours              Poison/Air                   2
   c - Mephitic Cloud                 Conjuration/Poison/Air       3
   d - Olgreb's Toxic Radiance        Poison                       4
   e - Venom Bolt                     Conjuration/Poison           5
   Trog disapproves of the use of such an item.
Comestibles
 c - 14 rations


   Skills:
 * Level 5.9 Fighting
 - Level 6.5(10.4) Maces & Flails
 * Level 12.4(13.0) Staves
 + Level 6.2 Throwing
 * Level 4.4 Armour
 * Level 3.4 Dodging


You had 10 spell levels left.
You didn't know any spells.

Dungeon Overview and Level Annotations

Branches:
Dungeon (9/15)             Temple (0/1) D:5            Lair (0/6) D:8
    Orc: D:9-12

Altars:
Dithmenos
Nemelex Xobeh
Okawaru
Qazlal
Ru
Uskayaw
Zin

Shops:
D:8 :   D:9 *

Annotations:
D:9 Psyche


Innate Abilities, Weirdness & Mutations

You are resistant to torment.
Your stone body is resilient. (AC +8)
You are immune to poison.
You resist negative energy. (rN+)
You are resistant to electric shocks. (rElec)
You can survive without breathing.
You are immune to petrification.
You are immune to rotting.
You are partially covered in iridescent scales. (AC +2)
You are robust. (+10% HP)


Message History

* * * LOW HITPOINT WARNING * * *
Psyche barely misses you. x2
You hit Psyche but do no damage.
Psyche twitches.
Psyche is moderately wounded.
You are engulfed in blazing flames.
* * * LOW HITPOINT WARNING * * *
You sock Psyche!
Psyche is poisoned.
Psyche is heavily wounded.
You are engulfed in blazing flames.
* * * LOW HITPOINT WARNING * * *
Psyche breathes flames at you. The blast of flame engulfs you!
You feel better. Psyche completely misses you. x2
You feel much better. Psyche bites you but does no damage. Psyche claws you.
You are engulfed in flames!
* * * LOW HITPOINT WARNING * * *
Psyche breathes flames at you. The blast of flame engulfs you!
You are engulfed in blazing flames.
You die...

# #...# #.# # #...# #.# #
#...# #.# # #...# #.#
########### # #...# #.#
.§........ # #...# #.#
###§..#...#. # #...####.#
#§§§..(..(..
####........#####§#§..#...#.
..............§§@§§t........
############################


You could see Psyche the fire crab.

Vanquished Creatures
  2 two-headed ogres (D:8)
  Pikel (D:4)
  A hornet (D:7)
  Grinder (D:4)
  A hippogriff (D:8)
  Sigmund (D:6)
  A spriggan (D:8)
  A wyvern (D:7)
  3 hungry ghosts
  2 wargs (D:8)
  Duvessa (D:6)
  A water moccasin (D:5)
  A hornet zombie (D:9)
  A swamp drake (D:8)
  3 orc warriors
  A phantom (D:6)
  2 black bears
  2 sky beasts (D:9)
  3 ogres
  6 centaurs
  9 bullfrogs
  A gnoll sergeant (D:7)
  Dowan (D:6)
  A water moccasin zombie (D:6)
  4 scorpions
  8 killer bees (D:8)
  6 wights (D:7)
  2 crimson imps (D:5)
  A bullfrog zombie (D:5)
  2 jellies (D:8)
  2 hounds
  3 bullfrog skeletons
  A centaur skeleton (D:8)
  4 orc priests
  Crazy Yiuf (D:2)
  A gnoll shaman (D:7)
  Jessica (D:2)
  Terence (D:1)
  Natasha (thrice) (D:2 D:3)
  An iguana (D:8)
  6 orc wizards
  5 worker ants
  A big kobold zombie (Ossuary)
  2 hound skeletons
  8 mummies (Ossuary)
  10 gnolls (D:7)
  A howler monkey skeleton (D:7)
  9 adders
  2 shadow imps
  2 adder zombies
  3 adder skeletons (D:9)
  2 worms
  2 dart slugs
  3 leopard geckos
  24 orcs
  5 bats
  3 giant cockroaches
  4 goblins
  6 hobgoblins
  13 jackals
  3 quokkas
  2 ball pythons
  A ball python skeleton (D:4)
  A hobgoblin zombie (Ossuary)
  A jackal skeleton (D:5)
  2 jackal zombies
  6 kobolds
  3 kobold zombies (Ossuary)
  2 orc zombies (Ossuary)
  A quokka skeleton (D:7)
  8 rats
229 creatures vanquished.

Vanquished Creatures (others)
  A howler monkey (D:4)
  An orc wizard (D:8)
  A big kobold zombie (Ossuary)
  An orc (D:8)
4 creatures vanquished.

Grand Total: 233 creatures vanquished

Notes
Turn   | Place    | Note
-------+----------+-------------------------------------------
     0 | D:1      | fdsafdsa the Gargoyle Berserker began the quest for the Orb.
     0 | D:1      | Reached XP level 1. HP: 14/14 MP: 1/1
   301 | D:1      | Reached XP level 2. HP: 18/19 MP: 2/2
  1152 | D:2      | Noticed Terence
  1152 | D:2      | Noticed Jessica
  1167 | D:1      | Killed Terence
  1167 | D:1      | Reached XP level 3. HP: 9/23 MP: 3/3
  1478 | D:2      | Killed Jessica
  1478 | D:2      | Reached ** piety under Trog
  1478 | D:2      | Reached XP level 4. HP: 24/28 MP: 4/4
  1591 | D:2      | Noticed Natasha
  1604 | D:2      | Killed Natasha
  1604 | D:2      | Reached skill level 5 in Maces & Flails
  1814 | D:2      | Reached XP level 5. HP: 31/32 MP: 5/5
  1903 | D:2      | Noticed Natasha
  1909 | D:2      | Killed Natasha
  2289 | D:2      | Reached XP level 6. HP: 36/37 MP: 6/6
  2333 | D:2      | Found an iron altar of Okawaru.
  2334 | D:2      | Found a shadowy altar of Dithmenos.
  2334 | D:2      | Found a stormy altar of Qazlal.
  2336 | D:2      | Found a hide-covered altar of Uskayaw.
  2457 | D:2      | Found a runed door.
  2461 | D:2      | Noticed Crazy Yiuf
  2464 | D:2      | Paralysed by Crazy Yiuf for 5 turns
  2472 | D:2      | Killed Crazy Yiuf
  2621 | D:3      | Noticed Natasha
  2633 | D:3      | Killed Natasha
  2666 | D:3      | Reached skill level 1 in Staves
  3037 | D:3      | Reached skill level 2 in Staves
  3552 | D:4      | Noticed a slave
  3553 | D:4      | Noticed a slave
  3554 | D:4      | Noticed Pikel
  3555 | D:4      | Noticed a slave
  3555 | D:4      | Noticed a slave
  3571 | D:4      | Killed Pikel
  3571 | D:4      | Reached *** piety under Trog
  3571 | D:4      | Reached skill level 5 in Staves
  3571 | D:4      | Reached skill level 1 in Throwing
  3571 | D:4      | Reached XP level 7. HP: 41/41 MP: 7/7
  3672 | D:4      | Reached XP level 8. HP: 46/46 MP: 8/8
  3780 | D:4      | Noticed Grinder
  3786 | D:4      | Paralysed by Grinder for 4 turns
  3797 | D:4      | Paralysed by Grinder for 2 turns
  3808 | D:4      | Killed Grinder
  3808 | D:4      | Reached skill level 6 in Staves
  4217 | D:4      | Found a glowing silver altar of Zin.
  4415 | D:5      | Entered Level 5 of the Dungeon
  4445 | D:5      | Found a sparkling altar of Nemelex Xobeh.
  4489 | D:5      | Reached skill level 7 in Staves
  4622 | D:5      | Found a sand-covered staircase.
  4630 | Ossuary  | Entered an ossuary
  4998 | D:5      | Reached skill level 8 in Staves
  5143 | D:5      | Reached XP level 9. HP: 51/51 MP: 9/9
  5188 | D:5      | Found a staircase to the Ecumenical Temple.
  5231 | D:5      | Found a sacrificial altar of Ru.
  5534 | D:6      | Reached skill level 9 in Staves
  5575 | D:6      | Noticed Sigmund
  5583 | D:6      | Reached **** piety under Trog
  5590 | D:6      | Killed Sigmund
  5824 | D:6      | Reached skill level 10 in Staves
  6029 | D:6      | Got a twisted robe
  6090 | D:6      | Got an ebony short sword
  6091 | D:6      | Identified the +6 short sword of Regicide {speed, Str+2 Stlth+} (You found it on level 6 of the Dungeon)
  6177 | D:6      | Noticed Duvessa
  6177 | D:6      | Noticed Dowan
  6186 | D:6      | Killed Duvessa
  6187 | D:6      | Killed Dowan
  6488 | D:7      | Received a gift from Trog
  6566 | D:7      | Reached XP level 10. HP: 56/56 MP: 10/10
  6609 | D:7      | Reached skill level 11 in Staves
  6658 | D:7      | Reached skill level 5 in Throwing
  6885 | D:7      | Identified the +0 robe "Retoross" {rElec rCorr} (You found it on level 6 of the Dungeon)
  7395 | D:7      | Gained mutation: You are robust. (+10% HP) [potion of mutation]
  7395 | D:7      | Gained mutation: You are partially covered in iridescent scales. (AC +2) [potion of mutation]
  7439 | D:8      | Found a staircase to the Lair.
  7472 | D:8      | Received a gift from Trog
  7569 | D:8      | Noticed a two-headed ogre
  7575 | D:8      | Killed a two-headed ogre
  7668 | D:8      | Reached skill level 5 in Fighting
  7730 | D:8      | Reached skill level 12 in Staves
  7788 | D:8      | Noticed a two-headed ogre
  7831 | D:8      | Reached ***** piety under Trog
  7846 | D:8      | Killed a two-headed ogre
  7846 | D:8      | Reached XP level 11. HP: 41/70 MP: 11/11
  8397 | D:8      | Found Daeshurch's Book Shop.
  8826 | D:9      | Found Teischu's General Store.
  8829 | D:9      | Received a gift from Trog
  8843 | D:9      | Bought a scroll of enchant weapon for 120 gold pieces
  9030 | D:9      | Noticed Psyche
  9036 | D:9      | Noticed Psyche
  9036 | D:9      | Psyche changed into Psyche the fire crab
  9050 | D:9      | HP: 2/70 [Psyche the fire crab] (5)]
  9054 | D:9      | Engulfed by Psyche the fire crab's flame

Skill      XL: |  1  2  3  4  5  6  7  8  9 10 |
---------------+-------------------------------+-----
Maces & Flails | 4 5 6 |  6.5
Staves         | 5 8 10 12 | 12.4
Throwing       | 1 3 4 6 |  6.2
Dodging        | 3 |  3.4
Fighting       | 5 |  5.9
Armour         | 4 |  4.4

Action                   |  1- 3 |  4- 6 |  7- 9 | 10-12 || total
-------------------------+-------+-------+-------+-------++-------
Melee: Mace              |    68 |    71 |       |       ||   139
       Quarterstaff      |       |    73 |   248 |   282 ||   603
Throw: Stone             |       |    24 |    17 |     7 ||    48
       Tomahawk          |       |     6 |    95 |    35 ||   136
       Javelin           |       |       |       |    51 ||    51
Invok: Berserk           |       |     2 |     6 |     5 ||    13
  Use: Scroll            |       |     1 |     9 |     9 ||    19
       Potion            |       |       |       |     8 ||     8
 Stab: Paralysed         |       |       |     4 |     1 ||     5
       Petrifying        |       |       |       |     3 ||     3
       Invisible         |       |       |       |     1 ||     1
  Eat: Chunk             |     2 |     7 |    12 |    17 ||    38
       Ration            |       |       |     1 |       ||     1
Armor: Ring mail         |    23 |       |       |       ||    23
       Animal skin       |     2 |       |       |       ||     2
       Scale mail        |    19 |   104 |    78 |       ||   201
       Plate armour      |       |       |    41 |   187 ||   228
Dodge: Dodged            |    44 |    89 |   118 |   143 ||   394
